 Dungeon Crawl Stone Soup version 0.18.1-2-ga659475 (webtiles) character file.

178341 manyhoops the Fencer (level 17, -5/144 HPs)
             Began as a Demonspawn Gladiator on May 8, 2016.
             Was an Elder of Okawaru.
             Slain by a shambling mangrove (17 damage)
             ... on level 3 of the Swamp.
             The game lasted 02:07:02 (36703 turns).

manyhoops the Fencer (Demonspawn Gladiator)        Turns: 36703, Time: 02:07:03

Health: -5/144     AC: 42    Str: 20    XL:     17   Next: 57%
Magic:  0/23       EV:  8    Int:  7    God:    Okawaru [****..]
Gold:   1894       SH:  0    Dex: 15    Spells: 0 memorised, 16 levels left

rFire  + . .     SeeInvis +     K - +4 triple sword (protect)
rCold  + + .     Gourm    .     E - +7 chain mail of Loss {rElec Str-2 Stlth+}
rNeg   . . .     Faith    .     (shield currently unavailable)
rPois  +         Spirit   +     r - +2 helmet {SInv}
rElec  +         Dismiss  .     J - +2 cloak {MR+}
rCorr  .         Reflect  .     C - +2 pair of gloves
SustAt .         Harm     .     (boots unavailable)
MR     ++...                    n - amulet of guardian spirit
Stlth  ..........               w - ring of poison resistance
                                S - ring of protection from cold

@: about to teleport, heroism, grasped by roots, very slow, very resistant to
hostile enchantments, extremely unstealthy
A: hooves 3, molten scales 3, cold resistance 1, dopey 1, powered by death 2,
rot immunity
a: Heroism, Renounce Religion


You were on level 3 of the Swamp.
You worshipped Okawaru.
Okawaru was greatly pleased with you.
You were not hungry.

You visited 6 branches of the dungeon, and saw 31 of its levels.
You also visited: Ice Cave.

You collected 3210 gold pieces.
You spent 1316 gold pieces at shops.

Inventory:

Hand Weapons
 K - a +4 triple sword of protection (weapon)
 T - a +0 long sword of flaming
Missiles
 d - 3 throwing nets (quivered)
Armour
 r - a +2 helmet of see invisible (worn)
 C - a +2 pair of gloves (worn)
 E - the +7 chain mail of Loss (worn) {rElec Str-2 Stlth+}
   (You found it on level 4 of the Dungeon)

   It affects your strength (-2).
   It insulates you from electricity.
   It makes you more stealthy.
 J - a +2 cloak of magic resistance (worn)
 X - a +1 fire dragon armour
Jewellery
 n - an amulet of guardian spirit (around neck)
 w - a ring of poison resistance (right hand)
 B - an uncursed ring of positive energy
 H - an uncursed ring of protection from magic
 S - a ring of protection from cold (left hand)
Wands
 f - a wand of acid (9/15)
 l - a wand of slowing (20/48)
 D - a wand of acid (4/15)
 N - a wand of polymorph (11/24)
 O - a wand of disintegration (9/24)
 P - a wand of flame (22/48)
 Z - a wand of iceblast (4/15)
Scrolls
 a - 3 scrolls of identify
 e - 3 scrolls of magic mapping
 h - 2 scrolls of silence
 i - 4 scrolls of noise
 o - 8 scrolls of recharging
 t - 4 scrolls of fog
 u - 6 scrolls of amnesia
 x - 3 scrolls of immolation
 y - 5 scrolls of random uselessness
 A - 15 scrolls of remove curse
 Q - a scroll of fear
 R - 3 scrolls of vulnerability
 V - 5 scrolls of teleportation
 Y - a scroll of enchant armour
Potions
 b - 4 potions of ambrosia
 c - 6 potions of might
 g - a potion of invisibility
 j - a potion of cure mutation
 k - 3 potions of heal wounds
 m - 3 potions of haste
 p - 3 potions of agility
 q - 7 potions of brilliance
 s - 3 potions of magic
 v - 6 potions of curing
 F - 5 potions of flight
 U - 4 potions of berserk rage
 W - 2 potions of resistance
Books
 z - the Papyrus of Icy Summoning
   (You found it in an ice cave)

   Spells                             Type                      Level
   a - Ozocubu's Armour               Charms/Ice                   3
   b - Throw Icicle                   Conjuration/Ice              4
   c - Summon Lightning Spire         Summoning/Air                4
   d - Simulacrum                     Ice/Necromancy               6
Miscellaneous
 M - a lamp of fire
Comestibles
 G - a beef jerky
 I - 5 meat rations
 L - a bread ration


   Skills:
 + Level 16.2(21.2) Fighting
   Level 0.1(17.4) Short Blades
 * Level 18.4(23.4) Long Blades
 - Level 1.7(6.7) Throwing
 + Level 14.3(19.3) Armour
 - Level 2.6(7.6) Dodging
 - Level 8.0 Invocations
 - Level 7.2 Evocations


You had 16 spell levels left.
You didn't know any spells.

Dungeon Overview and Level Annotations

Branches:
Dungeon (15/15)            Temple (1/1) D:7            Lair (8/8) D:10
  Swamp (3/4) Lair:5        Snake (0/4) Lair:4        Slime (0/6) Lair:7
    Orc (2/2) D:9             Elf (2/3) Orc:2        Vaults (0/5) D:14
 Depths (0/5) D:15

Altars:
Ashenzari
Cheibriados
Dithmenos
Elyvilon
Fedhas
Gozag
Kikubaaqudgha
Makhleb
Nemelex Xobeh
Okawaru
Pakellas
Qazlal
Ru
Sif Muna
Trog
Vehumet
Xom
Yredelemnul
Zin
The Shining One
Beogh

Shops:
D:11 (   Orc:2 [}[?   Elf:1 }

Portals:
Trove: Elf:1 (give 14 scrolls of teleportation)

Annotations:
Lair:7 exclusion: oklob plant
Abyss:1 Harold


Innate Abilities, Weirdness & Mutations

You have hooves in place of feet.
You are completely covered in molten scales (AC +4, EV -1, rF+).
Your flesh is cold resistant.
You regenerate health from kills.
You are immune to rotting.
You are dopey. (Int -2)


Message History

You carve the shambling mangrove like a ham!!!
You kick the shambling mangrove, but do no damage.
The shambling mangrove is heavily damaged.
The alligator puts on a burst of speed!
The swamp worm bites you!
* * * LOW HITPOINT WARNING * * *
The spriggan rider hits you from afar with a spear.
* * * LOW HITPOINT WARNING * * *
As you read the scroll of teleportation, it crumbles to dust.
You feel strangely unstable.
Angry insects surge out from beneath the shambling mangrove's foliage!
The shambling mangrove hits you but does no damage.
The swamp worm bites you.
* * * LOW HITPOINT WARNING * * *
The spriggan rider hits you but does no damage.
You hit the shambling mangrove.
The shambling mangrove is heavily damaged.
The swamp worm bites you!!
* * * LOW HITPOINT WARNING * * *
The shambling mangrove hits you!!
You die...

≈≈♣.≈≈.≈...≈♣≈≈.≈≈♣
≈♣♣≈≈≈≈≈≈≈≈♣♣♣..≈.♣
≈≈≈≈≈§....♣♣ ♣♣.≈≈♣ ≈
.≈....≈≈.♣♣♣♣♣♣≈≈.♣♣ ≈§
≈≈≈≈≈.≈..♣.♣.♣♣♣...♣ .≈≈
..≈≈..........♣♣..≈♣♣ ≈≈.≈
≈....♣♣≈.≈.....♣.♣≈.♣♣ ≈≈≈≈≈
....≈♣..........yfi..♣♣w≈≈♣≈≈
...≈≈...........@wt♣....≈≈≈.≈
.≈....############y..≈≈.≈≈≈≈>
.≈....#...÷#.....#...≈≈≈...♣.
.≈....#....#.....#....≈≈≈♣≈≈≈
...§..#....#... #..≈...≈≈≈≈.
≈......./..#.# #......♣≈...
†≈.≈§≈≈.♣....# #.........♣♣
.≈.≈§.≈..##### #......♣♣♣♣
≈§≈§≈.≈≈.≈... #.....♣♣


You could see a shambling mangrove, an alligator, a spriggan rider, a swamp worm
and 2 wasps.

Vanquished Creatures
  Norris (Elf:2)
  Nikola (Elf:2)
  An Ice Fiend (IceCv)
  Agnes (Elf:1)
  2 thorn hunters (Swamp:3)
  Aizul (Swamp:3)
  A deep elf sorcerer (Elf:1)
  Louise (Swamp:2)
  A deep elf demonologist (Elf:1)
  Snorg (D:11)
  Nessos (Lair:5)
  An ettin (D:15)
  3 vault guards (D:14)
  Fannar (Lair:2)
  A fire dragon (Lair:8)
  13 hydras
  Erolcha (Orc:2)
  A death knight (D:15)
  4 centaur warriors (D:15)
  3 ogre magi
  10 alligators
  32 dancing weapons
  A queen ant (Lair:7)
  2 tengu warriors
  4 spriggans
  An orc high priest (Orc:2)
  Urug (Orc:1)
  5 deep elf knights (Elf:2)
  3 skeletal warriors
  A fire crab (Lair:5)
  6 unseen horrors
  7 deep elf archers
  4 hill giants
  3 swamp dragons
  A lindwurm (Lair:8)
  A wizard (D:14)
  35 deep elf magi
  Pikel (D:5)
  2 orc knights
  9 orc sorcerers
  A hornet (Swamp:1)
  A cyclops (D:15)
  6 ugly things (D:14)
  A manticore (D:15)
  20 elephants
  6 black mambas
  2 centaur zombies (D:13)
  6 torpor snails (Lair:8)
  An ice statue (IceCv)
  Joseph (D:9)
  Psyche (D:12)
  4 gargoyles
  8 centaur skeletons
  A yaktaur (D:15)
  19 spiny frogs
  A rime drake (Lair:2)
  5 anaconda simulacra (IceCv)
  4 ice devils (IceCv)
  A tengu conjurer (D:14)
  10 komodo dragons
  3 freezing wraiths (IceCv)
  5 trolls
  8 giant leeches
  19 blink frogs
  2 two-headed ogres
  3 slime creatures (D:15)
  Prince Ribbit (D:7)
  Grinder (D:5)
  5 bog bodies
  A shadow (Swamp:3)
  2 air elementals (Elf:1)
  3 dire elephant simulacra (IceCv)
  A wyvern (shapeshifter) (D:15)
  2 water elementals
  A wraith (D:12)
  41 yaks
  5 hippogriffs
  A human (D:14)
  11 vampire mosquitoes
  4 basilisks
  4 fire elementals
  A hungry ghost (D:10)
  A steam dragon (Lair:6)
  3 wargs
  A mottled dragon (D:15)
  2 insubstantial wisps (Lair:5)
  9 swamp worms
  2 iron troll simulacra (IceCv)
  A harpy simulacrum (IceCv)
  8 soldier ants (Lair:7)
  11 porcupines
  Duvessa (D:6)
  21 water moccasins
  4 hydra simulacra (IceCv)
  3 sky beasts
  2 slaves (D:5)
  21 orc warriors
  3 swamp drakes
  7 ogres
  A phantom (D:6)
  4 ice beasts
  12 wasps
  16 wolves
  19 centaurs
  21 crocodiles
  2 big kobolds
  19 giant frogs
  2 earth elementals (Orc:2)
  A scorpion (D:6)
  Dowan (D:6)
  2 swamp dragon simulacra (IceCv)
  5 killer bees
  2 elephant simulacra (IceCv)
  2 wights (D:11)
  3 howler monkeys
  A giant frog zombie (D:6)
  5 crimson imps
  3 jellies
  2 quasits
  A gnoll shaman (D:8)
  8 draconian simulacra (IceCv)
  24 orc priests
  4 hounds
  37 orc wizards
  A giant frog skeleton (D:4)
  Natasha (twice) (D:3)
  11 iguanas
  A polar bear simulacrum (IceCv)
  30 worker ants
  A statue (D:5)
  A troll simulacrum (IceCv)
  38 sheep
  2 centaur simulacra (IceCv)
  A hound skeleton (D:10)
  Robin (D:3)
  12 adders
  A howler monkey skeleton (D:4)
  17 gnolls
  5 naga simulacra (IceCv)
  2 ogre simulacra (IceCv)
  82 river rats
  A shadow imp (D:6)
  3 white imps (IceCv)
  4 ufetubi (IceCv)
  An ooze (D:1)
  An adder zombie (D:5)
  An adder skeleton (D:7)
  19 worms
  4 dart slugs
  5 giant geckos
  73 orcs
  3 giant cockroaches
  28 hobgoblins
  12 jackals
  6 quokkas
  2 ball pythons
  A ball python skeleton (D:4)
  9 bats
  A giant cockroach zombie (D:5)
  7 giant newts
  38 goblins
  10 kobolds
  A quokka skeleton (D:9)
  6 rats
  A briar patch (Swamp:3)
  A bush (D:7)
  3 plants
1138 creatures vanquished.

Vanquished Creatures (collateral kills)
  An iguana (Lair:5)
1 creature vanquished.

Vanquished Creatures (others)
  A stone giant (Orc:2)
  A vault guard (D:14)
  An ogre mage (D:15)
  An orc high priest (Orc:1)
  A deep elf mage (Elf:2)
  An orc sorcerer (Orc:2)
  A spiny frog (Lair:2)
  A yaktaur (D:14)
  A komodo dragon (Lair:1)
  A troll (Orc:2)
  4 yaks
  A steam dragon (D:9)
  A hippogriff (D:7)
  2 porcupines (Lair:3)
  2 orc warriors
  2 phantoms
  A sky beast (D:6)
  3 ogres
  2 wolves (Lair:3)
  A centaur (D:12)
  A big kobold (D:6)
  A giant frog (D:12)
  A killer bee (D:9)
  A wight (D:11)
  An iguana (Lair:1)
  4 sheep
  5 white imps (IceCv)
  A kobold (D:13)
  A briar patch (Swamp:3)
  27 fungi
  25 plants
97 creatures vanquished.

Grand Total: 1236 creatures vanquished

Notes
Turn   | Place    | Note
--------------------------------------------------------------
     0 | D:1      | manyhoops the Demonspawn Gladiator began the quest for the Orb.
     0 | D:1      | Reached XP level 1. HP: 16/16 MP: 1/1
   362 | D:1      | Gained mutation: You regenerate a little health from kills. [demonic ancestry]
   362 | D:1      | Reached XP level 2. HP: 23/23 MP: 2/2
   371 | D:1      | Reached skill level 3 in Long Blades
   973 | D:2      | Gained mutation: You are partially covered in molten scales (AC +1). [demonic ancestry]
   973 | D:2      | Reached XP level 3. HP: 25/28 MP: 3/3
  1287 | D:2      | Reached skill level 1 in Armour
  1419 | D:2      | Gained mutation: You have large cloven feet. [demonic ancestry]
  1419 | D:2      | Reached XP level 4. HP: 35/35 MP: 4/4
  1616 | D:3      | Noticed Robin
  1679 | D:3      | Killed Robin
  1731 | D:3      | Reached skill level 4 in Long Blades
  1738 | D:3      | Gained mutation: You regenerate health from kills. [demonic ancestry]
  1738 | D:3      | Reached XP level 5. HP: 36/41 MP: 3/5
  1783 | D:3      | Noticed Natasha
  1804 | D:3      | Killed Natasha
  1826 | D:3      | Noticed Natasha
  1832 | D:3      | Killed Natasha
  2427 | D:3      | Reached XP level 6. HP: 47/47 MP: 6/6
  2689 | D:3      | Reached skill level 5 in Long Blades
  2936 | D:4      | Got a heavily runed chain mail
  2947 | D:4      | Identified the +7 chain mail of Loss {rElec Str-2 Stlth+} (You found it on level 4 of the Dungeon)
  3161 | D:5      | Entered Level 5 of the Dungeon
  3199 | D:5      | Noticed Grinder
  3262 | D:5      | Noticed a slave
  3263 | D:5      | Noticed Pikel
  3300 | D:5      | Killed a slave
  3353 | D:5      | Reached XP level 7. HP: 54/54 MP: 7/7
  3384 | D:5      | Found a radiant altar of Vehumet.
  3790 | D:5      | Killed Pikel
  3790 | D:5      | Reached skill level 5 in Fighting
  3790 | D:5      | Reached skill level 6 in Long Blades
  3790 | D:5      | Gained mutation: You have hoof-like feet. [demonic ancestry]
  3790 | D:5      | Reached XP level 8. HP: 57/62 MP: 8/8
  3809 | D:5      | Paralysed by Grinder for 6 turns
  3833 | D:5      | Killed Grinder
  4277 | D:5      | Got a translucent long sword
  4278 | D:5      | Identified the +5 long sword of the Sky {distort, *Confuse Fragile +Inv Dex+10} (You found it on level 5 of the Dungeon)
  4523 | D:6      | Found a stormy altar of Qazlal.
  4774 | D:6      | Reached skill level 7 in Long Blades
  4781 | D:6      | Reached skill level 5 in Armour
  5065 | D:6      | Noticed Dowan
  5066 | D:6      | Noticed Duvessa
  5115 | D:6      | Killed Dowan
  5141 | D:6      | Killed Duvessa
  5141 | D:6      | Gained mutation: You are mostly covered in molten scales (AC +3, EV -1). [demonic ancestry]
  5141 | D:6      | Reached XP level 9. HP: 71/71 MP: 9/9
  5291 | D:6      | Found an oddly glowing altar of Pakellas.
  5326 | D:6      | Found a shattered altar of Ashenzari.
  5826 | D:7      | Reached skill level 8 in Long Blades
  6040 | D:7      | Found a staircase to the Ecumenical Temple.
  6050 | Temple   | Entered the Ecumenical Temple
  6080 | Temple   | Became a worshipper of Warmaster Okawaru
  6334 | D:7      | Noticed Prince Ribbit
  6343 | D:7      | Killed Prince Ribbit
  6689 | D:8      | Reached skill level 9 in Long Blades
  6703 | D:8      | Reached * piety under Okawaru
  6945 | D:8      | Found a snail-covered altar of Cheibriados.
  6958 | D:8      | Found an ancient bone altar of Kikubaaqudgha.
  6959 | D:8      | Found a glowing silver altar of Zin.
  6960 | D:8      | Found a deep blue altar of Sif Muna.
  6960 | D:8      | Found a white marble altar of Elyvilon.
  6961 | D:8      | Found a burning altar of Makhleb.
  6964 | D:8      | Found a sacrificial altar of Ru.
  7214 | D:9      | Reached XP level 10. HP: 79/82 MP: 10/10
  7252 | D:9      | Found a glowing golden altar of the Shining One.
  7254 | D:9      | Noticed an angel
  7475 | D:9      | Noticed Joseph
  7604 | D:9      | Found an opulent altar of Gozag.
  7670 | D:9      | Found a basalt altar of Yredelemnul.
  7675 | D:9      | Killed Joseph
  7685 | D:9      | Noticed a profane servitor
  7731 | D:9      | Found a staircase to the Orcish Mines.
  7757 | D:9      | Found a roughly hewn altar of Beogh.
  7873 | D:9      | Found a blossoming altar of Fedhas.
  7879 | D:9      | Reached ** piety under Okawaru
  7979 | Orc:1    | Entered Level 1 of the Orcish Mines
  7989 | Orc:1    | Noticed Urug
  8020 | Orc:1    | Noticed an orc sorcerer
  8024 | Orc:1    | Killed Urug
  8030 | Orc:1    | Killed an orc sorcerer
  8030 | Orc:1    | Reached skill level 10 in Long Blades
  8285 | Orc:2    | Entered Level 2 of the Orcish Mines
  8285 | Orc:2    | Found a staircase to the Elven Halls.
  8358 | Orc:2    | Reached *** piety under Okawaru
  8770 | Orc:2    | Found a roughly hewn altar of Beogh.
  8775 | Orc:2    | Noticed an orc sorcerer
  9226 | Orc:2    | Reached skill level 10 in Fighting
  9271 | Orc:2    | Noticed an orc high priest
  9272 | Orc:2    | Noticed a rust devil
  9329 | Orc:1    | Gained mutation: You have hooves in place of feet. [demonic ancestry]
  9329 | Orc:1    | Reached XP level 11. HP: 48/90 MP: 9/11
  9366 | Orc:2    | Noticed a sun demon
  9405 | Orc:2    | Noticed an orc sorcerer
  9415 | Orc:1    | Banished an orc high priest
  9463 | Orc:2    | Killed an orc sorcerer
  9463 | Orc:2    | Reached **** piety under Okawaru
  9656 | Orc:2    | Noticed an orc high priest
  9726 | Orc:2    | Killed an orc high priest
  9726 | Orc:2    | Reached skill level 11 in Long Blades
  9788 | Orc:2    | Found a roughly hewn altar of Beogh.
  9788 | Orc:2    | Noticed a stone giant
  9928 | D:10     | Entered Level 10 of the Dungeon
 10222 | D:10     | Found a basalt altar of Yredelemnul.
 10225 | D:10     | Reached skill level 1 in Invocations
 10291 | D:10     | Noticed a hill giant
 10299 | D:10     | Killed a hill giant
 10303 | D:10     | Found a staircase to the Lair.
 10322 | Lair:1   | Entered Level 1 of the Lair of Beasts
 10867 | Lair:1   | Reached skill level 12 in Long Blades
 10869 | Lair:1   | Reached ***** piety under Okawaru
 11280 | Lair:2   | Received a gift from Okawaru
 11440 | Lair:2   | Noticed Fannar
 11455 | Lair:2   | Killed Fannar
 11700 | Lair:2   | Gained mutation: Your flesh is cold resistant. [demonic ancestry]
 11700 | Lair:2   | Reached XP level 12. HP: 73/99 MP: 12/12
 12393 | Lair:3   | Noticed Harold
 12408 | Lair:3   | Banished Harold
 12685 | Lair:3   | Reached skill level 13 in Long Blades
 13125 | Lair:4   | Found a staircase to the Snake Pit.
 13160 | Lair:4   | Noticed a four-headed hydra
 13198 | Lair:4   | Noticed an eight-headed hydra
 13529 | D:11     | Received a gift from Okawaru
 13664 | D:11     | Found Kiesk's Weapon Boutique.
 13666 | D:11     | Noticed Snorg
 14122 | D:11     | Killed Snorg
 14122 | D:11     | Received a gift from Okawaru
 14241 | D:12     | Noticed Psyche
 14245 | D:12     | Killed Psyche
 14910 | D:13     | Reached skill level 14 in Long Blades
 14910 | D:13     | Reached XP level 13. HP: 98/107 MP: 15/15
 15049 | D:13     | Received a gift from Okawaru
 15147 | D:13     | Reached skill level 10 in Armour
 15600 | Orc:2    | Banished a stone giant
 15763 | Orc:2    | Gained mutation: You are dopey. (Int -2) [a neqoxec]
 15797 | Orc:2    | Found an ancient bone altar of Kikubaaqudgha.
 15859 | Orc:2    | Noticed Erolcha
 15869 | Orc:2    | Killed Erolcha
 15877 | Orc:2    | Found a radiant altar of Vehumet.
 15947 | Orc:2    | Found Qunkekk's Antique Armour Shop.
 15981 | Orc:2    | Bought a pair of runed gloves for 148 gold pieces
 16037 | Orc:2    | Found a roughly hewn altar of Beogh.
 16037 | Orc:2    | Found Meystru's Gadget Boutique.
 16047 | Orc:2    | Found Wodd's Magic Scroll Shop.
 16073 | Orc:2    | Found Itautroe's Antique Armour Shop.
 16075 | Orc:2    | Bought a scroll of identify for 34 gold pieces
 16075 | Orc:2    | Bought a scroll of identify for 34 gold pieces
 16075 | Orc:2    | Bought a scroll of identify for 34 gold pieces
 16075 | Orc:2    | Bought a scroll of identify for 34 gold pieces
 16075 | Orc:2    | Bought a scroll of identify for 34 gold pieces
 16223 | Orc:2    | Bought a pair of embroidered gloves for 121 gold pieces
 16223 | Orc:2    | Bought a faintly glowing plate armour for 756 gold pieces
 16233 | Orc:2    | Identified the +4 plate armour of the Dice {Str+3} (You bought it in a shop on level 2 of the Orcish Mines)
 16258 | Orc:2    | Bought a runed cloak for 121 gold pieces
 16987 | D:14     | Noticed a vault guard
 17062 | D:14     | Noticed a vault guard
 17121 | D:14     | Found an ancient bone altar of Kikubaaqudgha.
 17506 | D:14     | Killed a vault guard
 17635 | D:14     | Banished a vault guard
 17725 | D:14     | Noticed a vault guard
 18030 | D:14     | Received a gift from Okawaru
 18033 | D:14     | Got a twisted animal skin {god gift}
 18048 | D:14     | Killed a vault guard
 18048 | D:14     | Gained mutation: You are completely covered in molten scales (AC +4, EV -1, rF+). [demonic ancestry]
 18048 | D:14     | Reached XP level 14. HP: 104/118 MP: 17/17
 18066 | D:14     | Identified the Handbook of Sinister Rites
 18074 | D:14     | Found a gate to the Vaults.
 18276 | D:10     | Identified the +0 animal skin "Fodomnuj" {rPois Str-2 Slay+2} (Okawaru gifted it to you on level 14 of the Dungeon)
 18640 | Elf:1    | Entered Level 1 of the Elven Halls
 18640 | Elf:1    | Found a portal to a secret trove of treasure.
 18796 | D:15     | Entered Level 15 of the Dungeon
 19055 | D:15     | Reached skill level 5 in Invocations
 19141 | D:15     | Got a steaming scale mail
 19153 | D:15     | Identified the +2 scale mail "Voajats" {MR++} (You found it on level 15 of the Dungeon)
 19345 | D:15     | Found a staircase to the Depths.
 20698 | Lair:5   | Found a staircase to the Swamp.
 20791 | Lair:5   | Received a gift from Okawaru
 20839 | Lair:5   | Reached ****** piety under Okawaru
 20982 | Lair:5   | Noticed Nessos
 21041 | Lair:4   | Reached skill level 15 in Long Blades
 21477 | Lair:5   | Killed Nessos
 22450 | Lair:5   | Found a snail-covered altar of Cheibriados.
 22826 | Lair:6   | Reached XP level 15. HP: 86/126 MP: 21/21
 22963 | Lair:5   | Reached skill level 1 in Evocations
 23594 | Lair:7   | Found a staircase to the Slime Pits.
 23645 | Lair:7   | Found a sparkling altar of Nemelex Xobeh.
 23876 | Lair:7   | Received a gift from Okawaru
 24434 | Lair:8   | Entered Level 8 of the Lair of Beasts
 26126 | Lair:8   | Found a runed door.
 26561 | Lair:8   | Reached skill level 16 in Long Blades
 27530 | Orc:2    | Received a gift from Okawaru
 28256 | Elf:1    | Noticed a deep elf sorcerer
 28272 | Elf:1    | Reached skill level 15 in Fighting
 28280 | Elf:1    | Killed a deep elf sorcerer
 28341 | Elf:1    | Reached skill level 5 in Evocations
 28728 | Elf:1    | Reached XP level 16. HP: 136/136 MP: 22/22
 29186 | Elf:1    | Found Gatac's Gadget Shop.
 29432 | Elf:2    | Noticed Norris
 29690 | Elf:2    | Found a deep blue altar of Sif Muna.
 29827 | Elf:2    | Found a runed gate.
 29829 | Elf:2    | Found a runed gate.
 29830 | Elf:2    | Found a runed gate.
 29892 | Elf:2    | Killed Norris
 29892 | Elf:2    | Received a gift from Okawaru
 30272 | Elf:2    | Received a gift from Okawaru
 30413 | Elf:2    | Noticed Agnes
 30439 | Elf:1    | Killed Agnes
 30552 | Elf:2    | Noticed Nikola
 30612 | Elf:2    | Killed Nikola
 30752 | Elf:2    | Reached skill level 17 in Long Blades
 32821 | Swamp:1  | Entered Level 1 of the Swamp
 33369 | Swamp:1  | Gained mutation: You are immune to rotting. [demonic ancestry]
 33369 | Swamp:1  | Reached XP level 17. HP: 111/144 MP: 19/23
 33901 | Swamp:2  | Noticed Louise
 33922 | Swamp:2  | Killed Louise
 34174 | Swamp:2  | Found a frozen archway.
 34193 | IceCv    | Entered an ice cave
 34367 | IceCv    | Identified the Papyrus of Icy Summoning
 34672 | IceCv    | Noticed an Ice Fiend
 34783 | IceCv    | Killed an Ice Fiend
 34846 | IceCv    | Received a gift from Okawaru
 35446 | Swamp:2  | Reached skill level 18 in Long Blades
 36416 | Swamp:3  | Noticed Aizul
 36443 | Swamp:3  | Killed Aizul
 36703 | Swamp:3  | Slain by a shambling mangrove

Skill      XL: |  1  2  3  4  5  6  7  8  9 10 11 12 13 14 15 16 17 |
---------------+----------------------------------------------------+-----
Long Blades    | 3 4 5 6 7 9 10 12 14 15 16 17 18 | 18.4
Armour         | 1 2 3 4 5 6 7 8 9 11 12 13 14 | 14.3
Fighting       | 3 4 5 6 8 10 11 13 14 15 16 | 16.2
Invocations    | 1 3 4 8 |  8.0
Evocations     | 5 7 |  7.2
Short Blades   | |  0.1
Throwing       | |  1.7
Dodging        | |  2.6

Action                   |  1- 3 |  4- 6 |  7- 9 | 10-12 | 13-15 | 16-18 || total
-------------------------+-------+-------+-------+-------+-------+-------++-------
Melee: Long sword        |   144 |   286 |   354 |   836 |   301 |    86 ||  2007
       Kick              |       |    69 |   105 |   343 |   814 |   346 ||  1677
       Punch             |       |       |       |     2 |     1 |       ||     3
       Great sword       |       |       |       |       |  1774 |   366 ||  2140
       Dagger            |       |       |       |       |    40 |       ||    40
       Falchion          |       |       |       |       |    36 |       ||    36
       Triple sword      |       |       |       |       |       |   603 ||   603
Throw: Tomahawk          |       |       |       |       |     9 |       ||     9
       Throwing net      |       |       |       |       |     1 |       ||     1
Invok: Heroism           |       |       |       |    11 |    33 |    12 ||    56
       Finesse           |       |       |       |     4 |     6 |     9 ||    19
Evoke: Wand              |       |       |       |     1 |     6 |       ||     7
       Lamp of fire      |       |       |       |       |     1 |       ||     1
  Use: Scroll            |       |     4 |     6 |     8 |    23 |     8 ||    49
       Potion            |       |       |     1 |       |     3 |     1 ||     5
  Eat: Chunk             |     2 |     2 |     9 |    17 |    27 |     9 ||    66
       Meat ration       |       |     1 |       |     1 |     3 |     1 ||     6
       Pizza             |       |       |     2 |     1 |       |     2 ||     5
       Bread ration      |       |       |       |     1 |       |     3 ||     4
       Beef jerky        |       |       |       |     1 |       |       ||     1
       Fruit             |       |       |       |       |     3 |       ||     3
       Royal jelly       |       |       |       |       |     2 |       ||     2
Armor: Leather armour    |    32 |       |       |       |       |       ||    32
       Ring mail         |    46 |    96 |       |       |       |       ||   142
       Chain mail        |       |   115 |   277 |   500 |  1742 |  1155 ||  3789
       Skin              |       |       |       |       |    99 |       ||    99
Dodge: Dodged            |   112 |   199 |   178 |   302 |   979 |   401 ||  2171
